 Dungeon Crawl Stone Soup version 0.28.0-43-g3370ac3207 (webtiles) character file.

Game seed: 4489314922122396743

4251 sanboga the Cleaver (level 10, 0/64 HPs)
             Began as a Gargoyle Fighter on Mar 15, 2022.
             Was an Initiate of Trog.
             Slain by a wyvern (12 damage)
             ... on level 8 of the Dungeon.
             The game lasted 00:12:08 (9354 turns).

sanboga the Cleaver (Gargoyle Fighter)              Turns: 9354, Time: 00:12:09

Health: 0/64       AC: 31    Str: 24      XL:     10   Next: 31%
Magic:  10/10      EV:  6    Int:  8 (9)  God:    Trog [......]
Gold:   262        SH:  6    Dex: 15      Spells: 9/9 levels left

rFire   . . .      SeeInvis .   a - +0 war axe
rCold   . . .      Faith    .   c - +0 buckler
rNeg    + . .      Spirit   .   v - +0 plate armour
rPois   ∞          Reflect  .   s - +0 helmet
rElec   +          Harm     .   e - +1 cloak
rCorr   .          Rampage  .   q - +0 pair of gloves
Will    .....                   n - +0 pair of boots
Stlth   ..........              (no amulet)
HPRegen 0.20/turn               t - +4 ring of protection
MPRegen 0.12/turn               b - +6 ring of dexterity

@: brilliant
A: sickness immunity, AC +7, negative energy resistance 1, electricity
resistance, torment resistance 1, petrification resistance
a: Renounce Religion


You were on level 8 of the Dungeon.
You worshipped Trog.
Trog was noncommittal.
You visited 2 branches of the dungeon, and saw 10 of its levels.

You collected 332 gold pieces.
You spent 70 gold pieces at shops.

Inventory:

Hand Weapons
 a - a +0 war axe (weapon)
Armour
 c - a +0 buckler (worn)
 e - a +1 cloak (worn)
 n - a +0 pair of boots (worn)
 q - a +0 pair of gloves (worn)
 s - a +0 helmet (worn)
 v - a +0 plate armour (worn)
Jewellery
 b - a +6 ring of dexterity (right hand)
 t - a +4 ring of protection (left hand)
Scrolls
 i - a scroll of teleportation
 w - a scroll of enchant armour
Potions
 f - 2 potions of flight
 h - 2 potions of lignification
 j - a potion of mutation
 k - a potion of curing
 l - a potion of resistance


   Skills:
 + Level 8.0 Fighting
 * Level 8.8 Axes
 + Level 7.9 Armour
 + Level 7.9 Shields


You had 9 spell levels left.
You didn't know any spells.
Your spell library contained the following spells:

 Spells                   Type           Power      Damage    Failure   Level
 Freeze                   Ice            0%         1d3       100%        1
 Sting                    Tmut/Pois      0%         1d3       100%        1
 Poisonous Vapours        Pois/Air       0%         N/A       100%        2
 Frozen Ramparts          Ice            0%         1d2       100%        3
 Hailstorm                Conj/Ice       0%         3d3       100%        4
 Olgreb's Toxic Radiance  Pois           0%         N/A       100%        4


Dungeon Overview and Level Annotations

Branches:
Dungeon (9/15)             Temple (1/1) D:7            Lair (0/6) D:8
    Orc: D:9-12

Altars:
Dithmenos
Fedhas
Hepliaklqana
Kikubaaqudgha
Makhleb
Nemelex Xobeh
Trog
Uskayaw
Vehumet
Xom
Zin

Shops:
D:5 **   D:6 (

Annotations:
D:8 2 transporters, Anonymone's ghost, novice DsVM


Innate Abilities, Weirdness & Mutations

You are immune to sickness and miasma.
Your stone body is resilient. (AC +7)
You are immune to poison.
You resist negative energy. (rN+)
You are resistant to electric shocks. (rElec)
You are resistant to unholy torment.
You are immune to petrification.


Message History

The killer bee is heavily wounded.
You slash the killer bee!
The killer bee stings you but does no damage. x2
The killer bee closely misses you.
The killer bee stings you but does no damage.
You hit the killer bee.
The killer bee is severely wounded.
You miss the killer bee. The killer bee barely misses you.
You block the killer bee's attack. x2
The killer bee stings you but does no damage.
You closely miss the killer bee.
The killer bee is severely wounded.
You miss the killer bee. You hit the wyvern.
The killer bee stings you but does no damage.
The wyvern bites you. The killer bee barely misses you.
The killer bee stings you but does no damage.
The killer bee stings you.
The wyvern bites you but does no damage.
You block the killer bee's attack.
The killer bee stings you but does no damage.
You feel better. The killer bee stings you. You block the wyvern's attack.
The killer bee barely misses you. You block the killer bee's attack.
The killer bee completely misses you. The wyvern bites you.
You block the killer bee's attack.
The killer bee stings you but does no damage.
It was a potion of brilliance.
You feel clever all of a sudden. You block the killer bee's attack.
The killer bee stings you but does no damage.
You block the killer bee's attack.
The killer bee stings you but does no damage.
The wyvern hisses menacingly.
The wyvern bites you!
* * * LOW HITPOINT WARNING * * *
The killer bee barely misses you. x2
You miss the killer bee. x2; You slash the wyvern!
You completely miss the killer bee.
The killer bee stings you but does no damage.
The wyvern bites you!
You die...

# .# .# ..#
###########.#
######.......)†).####
.............)>)....#
##.l....##.#####.##
#oy@(..##.#
#.yy...##.#
...o.#...###.#
.....####.# #.# .....
#.# #.# .... ..# #.#
... ..# ... .#


You could see a wyvern, 3 killer bees and 2 orcs.

Vanquished Creatures
  A two-headed ogre (D:7)
  A hornet (D:7)
  A polar bear (D:9)
  Sigmund (D:5)
  2 wyverns
  A steam dragon (D:5)
  Edmund (D:4)
  2 ice beasts
  A sky beast (D:5)
  2 orc warriors
  A hornet zombie (D:8)
  A black bear (D:6)
  A wolf (D:8)
  2 necrophages
  An ogre (D:4)
  2 centaurs
  A phantom (D:6)
  2 bullfrogs (D:7)
  A gnoll sergeant (D:6)
  2 scorpions
  5 wights (D:6)
  3 bullfrog zombies
  3 jellies
  2 orc priests
  A centaur skeleton (D:7)
  3 gnoll shamans
  Jessica (D:3)
  2 orc wizards
  A howler monkey zombie (D:6)
  2 howler monkey skeletons (D:5)
  19 gnolls
  9 adders
  A shadow imp (D:6)
  A white imp (D:9)
  5 ufetubi
  An adder skeleton (D:4)
  A worm (D:3)
  A dart slug (D:2)
  25 orcs
  2 ball pythons
  8 bats
  4 endoplasms
  2 giant cockroaches (D:3)
  7 goblins
  6 hobgoblins
  6 jackals
  10 kobolds
  4 quokkas
  4 frilled lizards
  3 rats
169 creatures vanquished.

Vanquished Creatures (others)
  5 dream sheep (D:4)
  17 plants (D:6)
22 creatures vanquished.

Grand Total: 191 creatures vanquished

Notes
Turn   | Place    | Note
-------+----------+-------------------------------------------
     0 | D:1      | sanboga the Gargoyle Fighter began the quest for the Orb.
     0 | D:1      | Reached XP level 1. HP: 14/14 MP: 1/1
    69 | D:1      | Found a faded altar of an unknown god.
   240 | D:1      | Reached XP level 2. HP: 17/19 MP: 2/2
   910 | D:2      | Reached XP level 3. HP: 21/23 MP: 3/3
   977 | D:2      | HP: 1/23 [adder (4)]
  1518 | D:2      | Reached XP level 4. HP: 12/29 MP: 4/4
  2310 | D:3      | Reached XP level 5. HP: 27/33 MP: 5/5
  2511 | D:3      | Noticed an ice beast
  2521 | D:3      | Killed an ice beast
  2522 | D:3      | Reached XP level 6. HP: 39/39 MP: 6/6
  2531 | D:3      | Found a radiant altar of Vehumet.
  2558 | D:3      | Noticed Jessica
  2570 | D:3      | Killed Jessica
  3535 | D:4      | Noticed a necrophage
  3544 | D:4      | Reached XP level 7. HP: 24/44 MP: 7/7
  3708 | D:4      | Noticed a dream sheep
  3708 | D:4      | Noticed a dream sheep
  3708 | D:4      | Noticed a dream sheep
  3708 | D:4      | Noticed a dream sheep
  3708 | D:4      | Noticed a dream sheep
  3708 | D:4      | Found a shimmering altar of Xom.
  3713 | D:4      | Killed a dream sheep
  3713 | D:4      | Killed a dream sheep
  3714 | D:4      | Killed a dream sheep
  3715 | D:4      | Killed a dream sheep
  3716 | D:4      | Killed a dream sheep
  3740 | D:4      | Reached skill level 5 in Fighting
  4013 | D:4      | Noticed Edmund
  4024 | D:4      | Killed Edmund
  4025 | D:4      | Reached skill level 5 in Armour
  4025 | D:4      | Reached skill level 5 in Shields
  4203 | D:5      | Entered Level 5 of the Dungeon
  4246 | D:5      | Noticed Sigmund
  4372 | D:5      | Killed Sigmund
  4373 | D:5      | Reached skill level 5 in Axes
  4373 | D:5      | Found Uqeon's General Store.
  4374 | D:5      | Noticed a steam dragon
  4516 | D:5      | Reached XP level 8. HP: 48/50 MP: 8/8
  4530 | D:5      | Found Ociloups's Specific Store.
  4543 | D:5      | Bought a potion of heal wounds for 70 gold pieces
  5384 | D:6      | Found Hopekhox's Weapon Boutique.
  6063 | D:6      | Reached XP level 9. HP: 56/56 MP: 9/9
  7488 | D:7      | Noticed a hornet
  7507 | D:7      | Killed a hornet
  7690 | D:7      | Noticed a two-headed ogre
  8022 | D:7      | Found a staircase to the Ecumenical Temple.
  8224 | Temple   | Entered the Ecumenical Temple
  8348 | Temple   | Became a worshipper of Trog the Wrathful
  8365 | D:7      | Killed a two-headed ogre
  8366 | D:7      | Reached XP level 10. HP: 24/63 MP: 10/10
  8952 | D:8      | Found a transporter.
  8953 | D:8      | Found a transporter.
  8953 | D:8      | Noticed Anonymone's ghost (novice DsVM)
  8955 | D:8      | Noticed a four-headed hydra
  8979 | D:8      | Found a staircase to the Lair.
  9003 | D:8      | You fall into a shaft and drop 1 floor!
  9354 | D:8      | Slain by a wyvern

Illustrated notes

Levels and vault maps discovered:
D:1:      evilmike_arrival_rings, layout_loops_ring,
          chequers_ecumenical_altar_simple_redux
D:2:      layout_basic, minmay_misc_feat_diagonals,
          hangedman_abyss_or_decor_lesser_grid, minmay_misc_feat_enclosed
D:3:      layout_rooms, nicolae_vehumet_radiance, nicolae_underground_beach,
          uniq_jessica
D:4:      layout_cave_pods, kb_xom_exploding_sheep, minmay_misc_feat_plants,
          minmay_crystal_room, uniq_edmund
D:5:      layout_basic, corexii_item_surrounded_by_moat, nicolae_specific_store,
          kennysheep_path_1, minmay_misc_feat_room, hex_medium, uniq_sigmund
D:6:      layout_layer_cave, serial_shops, shop, nicolae_grassy_gnolls
D:7:      layout_cave_pools, minmay_temple_entry_slanted
D:8:      layout_basic, mainiacjoe_overflow_catch_the_wave, lair_entry_dummy,
          nicolae_ossuary_entry_plus, gammafunk_ghost_arena
D:9:      layout_cave_pods, grunt_temple_overflow_holy_war, serial_ice,
          serial_ice_a, serial_ice_i, serial_ice_c, serial_ice_n, serial_ice_o,
          serial_ice_f, serial_ice_e, serial_ice_h
Temple:   cyrus_circular_temple

Skill      XL: |  1  2  3  4  5  6  7  8  9 10 |
---------------+-------------------------------+-----
Axes           | 2 3 4 5 6 8 |  8.8
Fighting       | 4 5 6 7 8 |  8.0
Armour         | 4 5 6 7 |  7.9
Shields        | 4 5 6 7 |  7.9

Action                   |  1- 3 |  4- 6 |  7- 9 | 10-12 || total
-------------------------+-------+-------+-------+-------++-------
Melee: War axe           |    74 |   180 |   333 |    81 ||   668
Evoke: Wand              |       |       |     5 |       ||     5
  Use: Potion            |     2 |     1 |     6 |     2 ||    11
       Scroll            |       |     4 |    11 |     1 ||    16
 Stab: Paralysed         |       |       |     7 |       ||     7
Armor: Scale mail        |    50 |   127 |    60 |       ||   237
       Skin              |     2 |       |       |       ||     2
       Plate armour      |       |       |   276 |   145 ||   421
Dodge: Dodged            |    42 |   108 |   132 |    57 ||   339
Block: Buckler           |    18 |    52 |   111 |    55 ||   236
